 Dungeon Crawl Stone Soup version 0.26.0-16-gc1dbca0489 (webtiles) character file.

Game seed: 29148921907278908

8155 pkoi the Grappler (level 11, -10/160 HPs)
             Began as a Troll Monk on Jan 21, 2021.
             Was a Believer of Ashenzari.
             Mangled by a ten-headed hydra (11 damage)
             ... on level 10 of the Dungeon on Jan 22, 2021.
             The game lasted 00:10:29 (8480 turns).

pkoi the Grappler (Troll Monk)                      Turns: 8480, Time: 00:10:29

Health: -10/160    AC:  7    Str: 24    XL:     11   Next: 6%
Magic:  10/10      EV: 13    Int:  6    God:    Ashenzari [**....]
Gold:   614        SH:  0    Dex: 12    Spells: 10/10 levels left

rFire    . . .     SeeInvis .     - Unarmed
rCold    . . .     Faith    .   (no shield)
rNeg     . . .     Spirit   .   g - +1 robe {Will+}
rPois    .         Reflect  .   (helmet restricted)
rElec    .         Harm     .   (no cloak)
rCorr    +         Rampage  .   (gloves unavailable)
Will     +....                  (boots unavailable)
Stlth    ..........             (no amulet)
HPRegen  0.76/turn              m - ring of resist corrosion (curse)
MPRegen  0.12/turn              (no ring)

@: berserking, very quick
A: large, unfitting armour, claws 3, regeneration 1, shaggy fur 1, tough skin 3
a: Renounce Religion, Curse Item, Scrying


You were on level 10 of the Dungeon.
You worshipped Ashenzari.
Ashenzari was pleased with you.
You visited 2 branches of the dungeon, and saw 11 of its levels.

You collected 614 gold pieces.

Inventory:

Missiles
 d - 73 poisoned darts (quivered)
Armour
 a - a +1 robe
 g - a +1 robe of willpower (worn)
Jewellery
 m - a cursed ring of resist corrosion (left claw)
 o - an uncursed ring of wizardry
Wands
 p - a wand of enslavement (11)
 r - a wand of flame (2)
Scrolls
 f - 10 scrolls of identify
 h - 3 scrolls of remove curse
 l - a scroll of fear
 q - a scroll of enchant armour
 s - a scroll of teleportation
 u - 3 scrolls of magic mapping
 x - a scroll of amnesia
 y - a scroll of enchant weapon {unknown}
 z - a scroll of fog {unknown}
 A - a scroll of silence {unknown}
Potions
 b - a potion of lignification
 c - a potion of heal wounds
 e - 2 potions of brilliance
 i - 7 potions of curing
 k - 4 potions of attraction
 n - 3 potions of haste
 t - a potion of flight
 v - a potion of magic
 w - a potion of ambrosia


   Skills:
 + Level 6.9 Fighting
 - Level 3.3 Throwing
 + Level 6.9 Dodging
 - Level 1.0 Stealth
 * Level 12.7 Unarmed Combat


You had 10 spell levels left.
You didn't know any spells.
Your spell library contained the following spells:

 Spells                   Type           Power        Failure   Level
 Foxfire                  Conj/Fire      0%           45%         1
 Conjure Flame            Conj/Fire      0%           83%         3
 Inner Flame              Hex/Fire       0%           83%         3
 Sticky Flame             Conj/Fire      0%           99%         4
 Fireball                 Conj/Fire      0%           100%        5


Dungeon Overview and Level Annotations

Branches:
Dungeon (10/15)            Temple (1/1) D:7
   Lair: D:8-11         Orc: D:9-12

Altars:
Ashenzari
Cheibriados
Dithmenos
Elyvilon
Fedhas
Gozag
Hepliaklqana
Kikubaaqudgha
Makhleb
Nemelex Xobeh
Okawaru
Qazlal
Ru
Sif Muna
Trog
Uskayaw
Vehumet
Wu Jian
Xom
Yredelemnul
Zin
The Shining One


Innate Abilities, Weirdness & Mutations

You are too large for most types of armour.
You have claws for hands.
Your natural rate of healing is unusually fast.
You are covered in fur. (AC +1)
You have extremely tough skin. (AC +3)


Message History

The nine-headed hydra bites you!
* * * LOW HITPOINT WARNING * * *
The nine-headed hydra bites you.
* * * LOW HITPOINT WARNING * * *
The nine-headed hydra closely misses you.
You rip one of the nine-headed hydra's heads off!
The eight-headed hydra grows two more!
You mangle the ten-headed hydra!!
The ten-headed hydra is heavily wounded.
You barely miss the ten-headed hydra.
The ten-headed hydra is heavily wounded.
The ten-headed hydra closely misses you.
The ten-headed hydra bites you!
* * * LOW HITPOINT WARNING * * *
The ten-headed hydra barely misses you. The ten-headed hydra bites you!
* * * LOW HITPOINT WARNING * * *
The ten-headed hydra barely misses you.
The ten-headed hydra bites you but does no damage.
The ten-headed hydra barely misses you. The ten-headed hydra misses you.
The ten-headed hydra barely misses you. The ten-headed hydra bites you!
You die...

* , * ..................... ,, #
*# ..................... ,,
#.##.*######.............. ,
.(...###......#...........
........)................. , ,
.....#...######........... ,
.........########.##......
*#..............................
###>..........#.@.###............
.............###D# #....#.######
#......#####...†<###...##.###
##.#.....###.................#
....................#..###...#
.........#######.......#######
#.#.......#.............#
.....####...............# .....#
##..............#


You could see a ten-headed hydra.

Vanquished Creatures
  A two-headed ogre (D:8)
  Erica (D:8)
  Pikel (D:4)
  Joseph (D:8)
  Maggie (D:7)
  A centaur skeleton (D:10)
  Grinder (D:5)
  Eustachio (D:6)
  Grum (D:8)
  Menkaure (D:4)
  2 water moccasins (D:9)
  A black bear (D:9)
  4 ogres
  A sky beast (D:5)
  An ice beast (D:8)
  3 phantoms
  5 centaurs
  3 wolves (D:8)
  4 bullfrogs
  2 big kobolds
  Blork the orc (D:6)
  2 scorpions
  20 killer bees
  8 wights
  A howler monkey (D:5)
  A centaur zombie (D:7)
  A crimson imp (D:5)
  A quasit (D:8)
  7 orc priests
  4 hounds
  4 jellies
  13 orc wizards
  2 bullfrog skeletons
  Ijyb (D:5)
  3 iguanas
  A worker ant (D:9)
  A killer bee zombie (D:7)
  3 hound zombies
  A howler monkey zombie (D:8)
  10 adders
  3 shadow imps
  3 white imps
  2 ufetubi
  2 oozes
  An adder skeleton (D:4)
  An adder zombie (D:5)
  A worm (D:2)
  A dart slug (D:1)
  6 leopard geckos
  18 orcs
  9 bats
  5 giant cockroaches
  10 goblins
  6 hobgoblins
  8 jackals
  6 quokkas
  A ball python (D:3)
  9 frilled lizards
  18 kobolds
  10 rats
241 creatures vanquished.

Vanquished Creatures (others)
  7 plants (D:1)
7 creatures vanquished.

Grand Total: 248 creatures vanquished

Notes
Turn   | Place    | Note
-------+----------+-------------------------------------------
     0 | D:1      | pkoi the Troll Monk began the quest for the Orb.
     0 | D:1      | Reached XP level 1. HP: 22/22 MP: 0/0
   200 | D:1      | Reached XP level 2. HP: 29/29 MP: 1/1
   477 | D:1      | Reached skill level 4 in Unarmed Combat
   686 | D:1      | Reached XP level 3. HP: 36/36 MP: 2/2
   904 | D:2      | Reached XP level 4. HP: 42/44 MP: 3/3
   929 | D:2      | Reached skill level 1 in Throwing
  1088 | D:2      | Reached skill level 5 in Unarmed Combat
  1501 | D:3      | Found a shadowy altar of Dithmenos.
  1776 | D:3      | Reached XP level 5. HP: 49/50 MP: 4/4
  2152 | D:4      | Noticed Menkaure
  2354 | D:4      | Killed Menkaure
  2355 | D:4      | Reached skill level 6 in Unarmed Combat
  2355 | D:4      | Reached XP level 6. HP: 59/59 MP: 5/5
  2389 | D:4      | Found a basalt altar of Yredelemnul.
  2744 | D:4      | Reached skill level 7 in Unarmed Combat
  2744 | D:4      | Reached XP level 7. HP: 56/66 MP: 6/6
  2840 | D:4      | Noticed Pikel
  2847 | D:4      | Killed Pikel
  2848 | D:4      | Reached skill level 8 in Unarmed Combat
  2848 | D:4      | Reached XP level 8. HP: 55/75 MP: 7/7
  2930 | D:5      | Entered Level 5 of the Dungeon
  2938 | D:5      | Noticed Grinder
  2944 | D:5      | Killed Grinder
  3258 | D:5      | Found a radiant altar of Vehumet.
  3280 | D:5      | Reached skill level 9 in Unarmed Combat
  3387 | D:5      | Noticed Ijyb
  3391 | D:5      | Killed Ijyb
  3431 | D:5      | Found a radiant altar of Vehumet.
  3571 | D:5      | Found a hide-covered altar of Uskayaw.
  3577 | D:5      | Found a sacrificial altar of Ru.
  3667 | D:5      | Found a burning altar of Makhleb.
  3720 | D:6      | Noticed Blork the orc
  3837 | D:6      | Killed Blork the orc
  3884 | D:6      | Reached XP level 9. HP: 77/85 MP: 8/8
  3965 | D:6      | Found a broken altar of Ashenzari.
  4011 | D:6      | Became a worshipper of Ashenzari the Shackled
  4011 | D:6      | Reached * piety under Ashenzari
  4011 | D:6      | Reached ** piety under Ashenzari
  4287 | D:6      | Noticed Eustachio
  4293 | D:6      | Killed Eustachio
  4341 | D:6      | Found a glowing silver altar of Zin.
  4417 | D:6      | Reached skill level 10 in Unarmed Combat
  4435 | D:6      | HP: 6/130 [poisoned by a killer bee]
  4437 | D:6      | HP: 2/130 [killer bee (5)]
  4894 | D:7      | Reached skill level 5 in Fighting
  4894 | D:7      | Reached skill level 5 in Dodging
  5274 | D:7      | Noticed Maggie
  5289 | D:7      | Killed Maggie
  5290 | D:7      | Reached skill level 11 in Unarmed Combat
  5402 | D:7      | Found a staircase to the Ecumenical Temple.
  6060 | D:8      | Reached XP level 10. HP: 54/98 MP: 9/9
  6137 | D:8      | Noticed Erica
  6137 | D:8      | Noticed Grum
  6154 | D:8      | Killed Grum
  6167 | D:8      | Killed Erica
  6395 | D:8      | Noticed a two-headed ogre
  6442 | Temple   | Entered the Ecumenical Temple
  6867 | D:8      | Killed a two-headed ogre
  6940 | D:8      | Reached skill level 12 in Unarmed Combat
  6978 | D:8      | Noticed Joseph
  6979 | D:8      | Found an opulent altar of Gozag.
  6990 | D:8      | Killed Joseph
  8065 | D:9      | Reached XP level 11. HP: 107/107 MP: 10/10
  8300 | D:10     | Entered Level 10 of the Dungeon
  8407 | D:10     | Noticed a six-headed hydra
  8480 | D:10     | HP: 1/160 [ten-headed hydra (14)]
  8480 | D:10     | Mangled by a ten-headed hydra

Illustrated notes

Levels and vault maps discovered:
D:1:      dpeg_arrival_chambers_temple_mockup, layout_loops_cross,
          minmay_lizard_king
D:2:      layout_rooms, amethyst_killhole, minmay_tromino_v2
D:3:      minmay_razor_zed, layout_basic, grunt_dithmenos_smoke_and_mirrors
D:4:      layout_cave_pools, yredelemnul_altar_generic, uniq_menkaure,
          uniq_pikel
D:5:      layout_loops_ring, amethyst_overflow_temple_binary,
          kennysheep_mini_moat, makhleb_grotto_becter, basic_altar,
          hangedman_abyss_or_decor_stagger, minmay_misc_feat_hallway, uniq_ijyb,
          uniq_grinder
D:6:      layout_cave_pods, kennysheep_mini, ashenzari_conservatory_becter,
          uniq_blork_the_orc, uniq_eustachio
D:7:      layout_basic, minmay_temple_entry_slanted, uniq_maggie
D:8:      layout_loops_ring, grunt_gozag_breadcrumbs, uniq_joseph, uniq_grum,
          uniq_erica
D:9:      layout_rooms
D:10:     layout_rooms, zombieorc2_lemuel, minmay_misc_feat_enclosed,
          minmay_misc_feat_pillars, kennysheep_windowed_goal
Temple:   oiseaux_autumnal_temple

Skill      XL: |  1  2  3  4  5  6  7  8  9 10 |
---------------+-------------------------------+-----
Unarmed Combat | 4 5 6 7 8 9 11 12 | 12.7
Throwing       | 1 2 3 |  3.3
Fighting       | 3 4 5 6 |  6.9
Dodging        | 3 4 5 6 |  6.9
Stealth        | |  1.0

Action                   |  1- 3 |  4- 6 |  7- 9 | 10-12 || total
-------------------------+-------+-------+-------+-------++-------
Melee: Unarmed           |   106 |   175 |   278 |   225 ||   784
       Punch             |     1 |     1 |    14 |    10 ||    26
  Use: Scroll            |     3 |     3 |    11 |       ||    17
       Potion            |       |       |     3 |     2 ||     5
 Stab: Sleeping          |     4 |     2 |     3 |     2 ||    11
       Distracted        |       |       |       |     1 ||     1
Armor: Robe              |    65 |    66 |    67 |    83 ||   281
Dodge: Dodged            |    69 |    89 |   139 |   170 ||   467
